 Dungeon Crawl Stone Soup version 0.31-a0-237-g2d982f9f85 (webtiles) character file.

Game seed: 10163253850460166676

21 qw the Shooter (level 2, -2/17 HPs)
             Began as a Gargoyle Hexslinger on July 10, 2023.
             Slain by a worm (4 damage)
             ... on level 2 of the Dungeon.
             The game lasted 00:00:14 (768 turns).

qw the Shooter (Gargoyle Hexslinger)                 Turns: 768, Time: 00:00:14

Health: -2/17      AC:  7    Str: 11    XL:     2   Next: 83%
Magic:  3/3        EV: 10    Int: 13    God:
Gold:   48         SH:  0    Dex: 12    Spells: 2/3 levels left

rFire   . . .        Y - +1 sling
rCold   . . .        (no shield)
rNeg    + . .        e - +0 ring mail
rPois   inf          (no helmet)
rElec   +            (no cloak)
rCorr   .            (no gloves)
SInv    .            (no boots)
Will    .....        (no amulet)
Stlth   +            (no ring)
HPRegen 0.22/turn    (no ring)
MPRegen 0.08/turn

%: no passive effects
@: no status effects
A: sickness immunity, AC +2, negative energy resistance 1, electricity
resistance, torment resistance 1, petrification resistance
a: no special abilities


You were on level 2 of the Dungeon.
You visited 1 branch of the dungeon, and saw 2 of its levels.

You collected 48 gold pieces.


Innate Abilities, Weirdness & Mutations

You are immune to sickness and miasma.
Your stone body is resilient. (AC +2)
You are immune to poison.
You resist negative energy. (rN+)
You are resistant to electric shocks. (rElec)
You are resistant to unholy torment.
You are immune to petrification.


   Skills:
 + Level 1.7 Fighting
 - Level 3.0 Ranged Weapons
 - Level 1.5 Dodging
 - Level 1.0 Spellcasting
 - Level 2.6 Hexes


You had 2 spell levels left.
You knew the following spells:

 Your Spells              Type           Power      Damage    Failure   Level
a - Slow                  Hex            28%        N/A       22%         1

Your spell library contained the following spells:

 Spells                   Type           Power      Damage    Failure   Level
 Inner Flame              Hex/Fire       4%         N/A       75%         3
 Portal Projectile        Hex/Tloc       8%         N/A       75%         3
 Cause Fear               Hex            3%         N/A       92%         4

Inventory:

Hand Weapons
 Y - a +1 sling (weapon)
Armour
 e - a +0 ring mail (worn)
Potions
 f - a potion of resistance {unknown}

Dungeon Overview and Level Annotations

Branches:
Dungeon (2/15)

Altars:

Shops:
D:1 =


Message History

There is a stone staircase leading down here.
You climb downwards.
Found a short sword.
There is a stone staircase leading up here.
Waypoint 1 assigned to D:2.
You see here a +0 short sword.
Found a stone staircase leading down.
There is a stone staircase leading down here.
A worm comes into view.
You shoot a sling bullet. The sling bullet hits the worm.
The worm is lightly wounded.
You shoot a sling bullet. The sling bullet hits the worm.
The worm is moderately wounded.
A rat comes into view.
You shoot a sling bullet. The sling bullet hits the worm.
The worm is heavily wounded.
The worm bites you!
You shoot a sling bullet.
The sling bullet barely misses the worm.
The rat barely misses you. The worm bites you but does no damage.
You shoot a sling bullet. The sling bullet hits the worm.
The worm is moderately wounded.
The rat misses you.
You shoot a sling bullet. The sling bullet hits the worm.
The worm is heavily wounded.
The rat closely misses you. The worm bites you but does no damage.
The rat misses you.
You shoot a sling bullet. The sling bullet hits the worm.
The worm is severely wounded.
The worm bites you but does no damage. The rat barely misses you.
You shoot a sling bullet.
The sling bullet barely misses the worm.
The rat closely misses you. The worm bites you!
You shoot a sling bullet.
The sling bullet barely misses the worm.
The rat barely misses you. x2; The worm bites you.
You shoot a sling bullet. The sling bullet hits the worm.
The worm is severely wounded.
The rat closely misses you. The worm bites you.
You die...

##.#####.# ..
##..# #.# ..
#..## ..# .##
#.## .##
..#####.# .
..#....#
#.#.####
...###w#>#
#.....@.#
#####.r........
#..########
..... ####.#
#.# ... ...


You could see a worm and a rat.

Vanquished Creatures
  A dart slug (D:1)
  2 endoplasms (D:1)
  A goblin (D:1)
  3 hobgoblins (D:1)
  4 jackals (D:1)
  A quokka (D:1)
  A ball python (D:1)
  A bat (D:1)
  A kobold (D:1)
  A rat (D:1)
16 creatures vanquished.

Notes
Turn   | Place    | Note
-------+----------+-------------------------------------------
     0 | D:1      | qw the Gargoyle Hexslinger began the quest for the Orb.
     0 | D:1      | Reached XP level 1. HP: 12/12 MP: 2/2
     0 | D:1      | 0 ||| qw: Version: 0.3-a-52-g30416fa
     0 | D:1      | 0 ||| qw: Game counter: 5086
     0 | D:1      | 0 ||| qw: Melee chars always use a shield: true
     0 | D:1      | 0 ||| qw: God list: Okawaru
     0 | D:1      | 0 ||| qw: Allow faded altars: false
     0 | D:1      | 0 ||| qw: Do Orc after clearing Dungeon:15 true
     0 | D:1      | 0 ||| qw: Do second Lair branch before Depths: true
     0 | D:1      | 0 ||| qw: Lair rune preference: random
     0 | D:1      | 0 ||| qw: Goals: Normal
     0 | D:1      | 0 ||| PLANNING D:1-11
    66 | D:1      | Found Supa's Jewellery Shop.
    74 | D:1      | 74 ||| SHOPLISTING +4 ring of slaying (780 gold, have 9).
    74 | D:1      | 74 ||| SHOPLISTING +6 ring of dexterity (360 gold, have 9).
    74 | D:1      | 74 ||| SHOPLISTING +6 ring of strength (360 gold, have 9).
    74 | D:1      | 74 ||| SHOPLISTING amulet of faith (400 gold, have 9).
    74 | D:1      | 74 ||| SHOPLISTING amulet of reflection (300 gold, have 9).
    74 | D:1      | 74 ||| SHOPLISTING ring of Lutuys {Will+ Str+2 SInv} (404
                  | gold, have 9).
    74 | D:1      | 74 ||| SHOPLISTING ring of Titafe {rElec rPois Str+6
                  | Stlth-} (528 gold, have 9).
    74 | D:1      | 74 ||| SHOPLISTING ring of ice (250 gold, have 9).
    74 | D:1      | 74 ||| SHOPLISTING ring of protection from cold (250 gold,
                  | have 9).
   112 | D:1      | Reached XP level 2. HP: 16/16 MP: 3/3
   221 | D:1      | Reached skill level 3 in Ranged Weapons
   689 | D:1      | 689 ||| UPGRADING to +0 ring mail.
   699 | D:1      | 699 ||| DROPPING +0 robe.
   700 | D:1      | 700 ||| READING scroll labelled ECWUNY PAASY.
   701 | D:1      | 701 ||| READING scroll labelled PEC APIFAJILIO.
   702 | D:1      | 702 ||| DROPPING scroll of poison.
   766 | D:2      | HP: 4/17 [worm (8)]
   768 | D:2      | Slain by a worm

Levels and vault maps discovered:
D:1:      giann_forest_graveyard, layout_basic, serial_shops, shop_fountains
D:2:      layout_rooms, ebering_dispersal_statue_hall, grunt_ministairs_5

Skill      XL: |  1  2 |
---------------+-------+-----
Ranged Weapons | 3 |  3.0
Fighting       | |  1.7
Dodging        | |  1.5
Spellcasting   | |  1.0
Hexes          | |  2.6

Action                     || total
---------------------------++-------
   Fire: Sling             ||    56
    Use: Scroll            ||     2
 Armour: Robe              ||     4
         Ring mail         ||     3
  Dodge: Dodged            ||    21

Table legend:
 A = Non-vault XP
 B = Vault XP
 C = Vault XP percentage of total XP
 D = Non-vault monster count
 E = Vault monster count
 F = Vault count percentage of total count
                 A         B        C        D         E       F
            +---------+---------+-------+---------+---------+-------
      Total |      30 |       0 |   0.0 |      16 |       0 |   0.0
            +---------+---------+-------+---------+---------+-------
        D:1 |      30 |       0 |   0.0 |      16 |       0 |   0.0
            +---------+---------+-------+---------+---------+-------
